 Dungeon Sprint DCSS version 0.17-a0-1748-g222fba8 (webtiles) character file.

7385 hexophile the Severer (level 10, -6/99 HPs)
             Began as a Demigod Fighter on Sept 1, 2015.
             Killed from afar by a starcursed mass (10 damage)
             ... with an accursed screaming
             ... in the Dungeon (Sprint V: "Ziggurat Sprint").
             The game lasted 00:07:02 (1194 turns).

hexophile the Severer (Demigod Fighter)             Turns: 1194, Time: 00:07:02

Health: -6/99      AC: 27    Str: 36    XL:     10   Next: 61%
Magic:  13/13      EV:  7    Int: 10    God:
Gold:   0          SH:  0    Dex: 24    Spells: 0 memorised, 9 levels left

rFire  + . .     SeeInvis .     l - +5 executioner's axe (vamp)
rCold  + . .     Clarity  .     b - +5 gold dragon armour
rNeg   . . .     SustAt   +     (no shield)
rPois  +         Gourm    .     (no helmet)
rElec  .         Spirit   .     (no cloak)
rCorr  .         Warding  .     O - +2 pair of gloves {Dex+3}
rMut   .         NoTele   +     (no boots)
MR     +....                    (no amulet)
Stlth  ..........               J - +6 ring of strength
                                I - +6 ring of strength

@: mighty, somewhat resistant to hostile enchantments, extremely unstealthy
A: dopey 1, high mp 1, no device heal 1, sustain attributes
a: no special abilities


You were in the Dungeon.
You were not hungry.

You visited 1 branch

Inventory:

Hand weapons
 l - a +5 vampiric executioner's axe (weapon)
 K - a +0 battleaxe of electrocution
Armour
 a - a +5 crystal plate armour
 b - a +5 gold dragon armour (worn)
 c - a +5 storm dragon armour
 O - a +2 pair of gloves of dexterity (worn)
Jewellery
 E - a +6 ring of dexterity
 F - a +6 ring of dexterity
 G - a +6 ring of intelligence
 H - a +6 ring of intelligence
 I - a +6 ring of strength (left hand)
 J - a +6 ring of strength (right hand)
 L - a +3 ring of dexterity
Magical devices
 y - a wand of disintegration (6)
 B - a wand of fire (4)
 C - a wand of cold (4)
 D - a wand of draining (3)
Scrolls
 k - 4 scrolls of blinking
 o - 4 scrolls of amnesia
 p - 3 scrolls of recharging
 q - 7 scrolls of fog
 r - a scroll of holy word
 s - 5 scrolls of identify
 t - 5 scrolls of remove curse
 u - a scroll of fear
Potions
 d - 3 potions of might
 f - 10 potions of curing
 g - 8 potions of heal wounds
 h - 5 potions of haste
 i - 7 potions of magic
 j - 3 potions of berserk rage
 v - 2 potions of brilliance
 w - a potion of invisibility
 x - 3 potions of resistance
 A - 5 potions of agility
Miscellaneous
 z - a disc of storms
 M - a plain deck of defence
 N - a plain deck of defence
Comestibles
 e - 3 bread rations
 m - 42 fruits
 n - 4 meat rations


   Skills:
 + Level 12.3 Fighting
 * Level 16.5 Axes
 + Level 12.4 Armour
   Level 2.6 Shields


You had 9 spell levels left.
You didn't know any spells.

Dungeon Overview and Level Annotations

Branches:
Dungeon (1/1)


Innate Abilities, Weirdness & Mutations

You have an increased reservoir of magic (+10% MP).
Your attributes are resistant to harm.
You are dopey. (Int -2)
Potions and wands are less effective at restoring your health.


Message History

The bone dragon claws you but does no damage.
The bone dragon tramples you but does no damage.
A deafening chorus of shrieks assaults your mind!
* * * LOW HITPOINT WARNING * * *
You slash the starcursed mass!
The starcursed mass is heavily damaged.
You slice the bone dragon!!
The bone dragon is almost destroyed.
The starcursed mass shudders and is absorbed by its neighbour.
You hit the ufetubus.
You kill the ufetubus!
You slash the large abomination!
The large abomination is heavily damaged.
You completely miss the starcursed mass.
You slash the starcursed mass!
The starcursed mass is moderately damaged.
The starcursed mass shudders and is absorbed by its neighbour.
The large abomination hits you but does no damage.
A deafening chorus of shrieks assaults your mind!
You die...

▓...8©8...▓...8©8...▓
▓..|[|))..▓.."=).:..▓
▓.."=)):..▓....)||..▓
▓.........▓.........▓
▓...5.....▓.........▓
▓...55.5..▓.........▓
▓...3.X5..▓....)....▓
▓..XXD5X..▓.▓..)†)▓.▓
▓.▓.X@..▓.▓....†....▓
▓.....X...▓▓▓▓▓▓▓▓▓▓▓
▓▓▓▓▓▓▓▓▓▓▓


You could see a bone dragon, 5 starcursed masses, a large abomination, a
ynoxinul and 6 ufetubi.

Vanquished Creatures
  2 shining eyes (D)
  3 draconians (D)
  5 starcursed masses (D)
  2 komodo dragons (D)
  2 slime creatures (D)
  2 two-headed ogres (D)
  3 spriggans (D)
  A yak (shapeshifter) (D)
  A deep elf mage (D)
  A yak (D)
  2 wolves (D)
  A naga (D)
  A hell hound (D)
  A water moccasin (D)
  A porcupine (D)
  4 black bears (D)
  2 eyes of draining (D)
  A wasp (D)
  2 ogres (D)
  A giant frog (D)
  2 small abominations (D)
  2 crimson imps (D)
  A quasit (D)
  3 iron imps (D)
  An iguana (D)
  A sheep (D)
  2 adders (D)
  4 shadow imps (D)
  2 white imps (D)
  3 ufetubi (D)
  2 ball pythons (D)
  A bat skeleton (D)
  A ball python skeleton (D)
  A giant cockroach zombie (D)
  A lurking horror (D)
65 creatures vanquished.

Notes
Turn   | Place    | Note
--------------------------------------------------------------
     0 | D        | hexophile the Demigod Fighter began the quest for the Orb.
     0 | D        | Reached XP level 1. HP: 18/18 MP: 3/3
    16 | D        | Found an iron altar of Okawaru.
    16 | D        | Found a radiant altar of Vehumet.
    16 | D        | Found a shimmering altar of Xom.
    16 | D        | Found a burning altar of Makhleb.
    20 | D        | Found a deep blue altar of Sif Muna.
    22 | D        | Found a corrupted altar of Lugonu.
    22 | D        | Found a white marble altar of Elyvilon.
    22 | D        | Found a roughly hewn altar of Beogh.
    22 | D        | Found a sparkling altar of Nemelex Xobeh.
    22 | D        | Found a viscous altar of Jiyva.
    22 | D        | Found a bloodstained altar of Trog.
    63 | D        | Entered arena 1.
    63 | D        | Noticed a deep elf mage
    63 | D        | Noticed a yak
    70 | D        | Killed a yak
    70 | D        | Reached skill level 5 in Fighting
    70 | D        | Reached skill level 7 in Axes
    70 | D        | Reached skill level 5 in Armour
    70 | D        | Reached XP level 2. HP: 16/29 MP: 4/4
    70 | D        | Reached XP level 3. HP: 19/36 MP: 5/5
    70 | D        | Reached XP level 4. HP: 22/42 MP: 6/6
    71 | D        | Killed a deep elf mage
    71 | D        | Reached skill level 8 in Axes
    71 | D        | Reached XP level 5. HP: 24/51 MP: 7/7
    73 | D        | Reached skill level 10 in Axes
    73 | D        | Reached XP level 6. HP: 27/60 MP: 8/8
    77 | D        | Gained mutation: You are dopey. (Int -2) [mutagenic meat]
   122 | D        | Entered arena 2.
   122 | D        | Noticed a draconian
   122 | D        | Noticed a draconian
   122 | D        | Noticed a draconian
   137 | D        | Killed a draconian
   137 | D        | Reached skill level 11 in Axes
   137 | D        | Reached XP level 7. HP: 65/69 MP: 9/9
   139 | D        | Killed a draconian
   139 | D        | Reached skill level 12 in Axes
   139 | D        | Reached XP level 8. HP: 56/78 MP: 10/10
   143 | D        | Killed a draconian
   230 | D        | Entered arena 3.
   230 | D        | Noticed an iron imp
   230 | D        | Noticed an iron imp
   230 | D        | Noticed a starcursed mass
   233 | D        | Paralysed by accursed screaming for 1 turns
   236 | D        | Killed an iron imp
   237 | D        | Killed a starcursed mass
   237 | D        | Reached skill level 13 in Axes
   238 | D        | Killed a starcursed mass
   238 | D        | Reached skill level 10 in Armour
   238 | D        | Killed an iron imp
   238 | D        | Reached skill level 10 in Fighting
   239 | D        | Killed a starcursed mass
   239 | D        | Reached XP level 9. HP: 41/85 MP: 11/11
   240 | D        | Killed a starcursed mass
   241 | D        | Killed a starcursed mass
   246 | D        | Entered arena 4.
   246 | D        | Noticed an ogre
   246 | D        | Noticed a two-headed ogre
   246 | D        | Noticed an ogre
   246 | D        | Noticed a two-headed ogre
   249 | D        | Killed a two-headed ogre
   250 | D        | Killed a two-headed ogre
   250 | D        | Reached skill level 14 in Axes
   252 | D        | Killed an ogre
   252 | D        | Killed an ogre
   457 | D        | Entered arena 5.
   482 | D        | Got the cursed ring of Etudoaf {rElec rPois Str-4 Int-5}
   485 | D        | Entered arena 6.
   485 | D        | Noticed a naga
   485 | D        | Noticed a water moccasin
   489 | D        | Killed a water moccasin
   493 | D        | Killed a naga
   670 | D        | Entered arena 7.
   670 | D        | Noticed a shining eye
   670 | D        | Noticed an eye of draining
   670 | D        | Noticed a slime creature
   670 | D        | Noticed an eye of draining
   670 | D        | Noticed a slime creature
   670 | D        | Noticed a shining eye
   676 | D        | Killed an eye of draining
   677 | D        | Killed a slime creature
   678 | D        | Gained mutation: Potions and wands are less effective at restoring your health. [a shining eye]
   679 | D        | Killed a shining eye
   680 | D        | Killed a slime creature
   680 | D        | Reached skill level 15 in Axes
   681 | D        | Killed a shining eye
   681 | D        | Reached XP level 10. HP: 87/96 MP: 0/13
   682 | D        | Killed an eye of draining
   785 | D        | Entered arena 8.
   785 | D        | Noticed a porcupine
   785 | D        | Noticed a komodo dragon
   785 | D        | Noticed a yak
   785 | D        | Noticed a komodo dragon
   785 | D        | Noticed a giant frog
   785 | D        | Noticed an iguana
   788 | D        | Killed an iguana
   790 | D        | Killed a giant frog
   790 | D        | Killed a komodo dragon
   793 | D        | Killed a porcupine
   793 | D        | Killed a yak
   795 | D        | Killed a komodo dragon
   940 | D        | Entered arena 9.
   940 | D        | Noticed a quasit
   940 | D        | Noticed a hell hound
   942 | D        | Killed a quasit
   947 | D        | Killed a hell hound
   956 | D        | Got the ring of Jyamn {Fire Int+5}
   996 | D        | Entered arena 10.
   996 | D        | Noticed a spriggan
   996 | D        | Noticed a black bear
   996 | D        | Noticed a wolf
   996 | D        | Noticed a wolf
   996 | D        | Noticed a black bear
   996 | D        | Noticed a spriggan
   996 | D        | Noticed a black bear
   996 | D        | Noticed a spriggan rider
   996 | D        | Noticed a black bear
  1002 | D        | Killed a wolf
  1002 | D        | Killed a spriggan
  1004 | D        | Killed a spriggan
  1004 | D        | Killed a black bear
  1004 | D        | Reached skill level 16 in Axes
  1004 | D        | Killed a wolf
  1005 | D        | Killed a black bear
  1006 | D        | Killed a black bear
  1006 | D        | Killed a black bear
  1012 | D        | Killed a wasp
  1014 | D        | Killed a spriggan
  1180 | D        | Entered arena 11.
  1180 | D        | Noticed a small abomination
  1180 | D        | Noticed a crimson imp
  1180 | D        | Noticed a small abomination
  1180 | D        | Noticed a large abomination
  1180 | D        | Noticed an iron imp
  1181 | D        | Noticed a starcursed mass
  1181 | D        | Noticed a bone dragon
  1181 | D        | Noticed a crimson imp
  1182 | D        | Noticed a ynoxinul
  1184 | D        | Killed a small abomination
  1185 | D        | Killed a crimson imp
  1186 | D        | Killed an iron imp
  1187 | D        | Killed a crimson imp
  1187 | D        | Killed a small abomination
  1191 | D        | HP: 6/99 [large abomination (17)]
  1194 | D        | Killed from afar by a starcursed mass

Vault maps used:
D:        sprint_v

Action                   |  1- 3 |  4- 6 |  7- 9 | 10-12 || total
-------------------------+-------+-------+-------+-------++-------
Melee: Executioner's axe |     4 |     8 |    17 |     9 ||    38
       Battleaxe         |       |       |    22 |    31 ||    53
Evoke: Wand              |     1 |     1 |     2 |     1 ||     5
  Use: Potion            |     1 |     5 |     2 |     3 ||    11
       Scroll            |     1 |       |     1 |     1 ||     3
 Stab: Invisible         |       |     4 |       |       ||     4
  Eat: Chunk             |       |     1 |       |       ||     1
       Bread ration      |       |       |       |     2 ||     2
